 Dungeon Crawl Stone Soup version 0.25-a0-346-g140ab784a8 (webtiles) character file.

Game seed: 5427458392723334196, levelgen mode: classic

996 Borgoz the Cudgeler (level 8, -1/51 HPs)
             Began as a Gargoyle Fighter on Jan 1, 2020.
             Was a Believer of Okawaru.
             Killed from afar by Blork the orc (4 damage)
             ... with a magic dart
             ... on level 5 of the Dungeon.
             The game lasted 00:07:43 (4240 turns).

Borgoz the Cudgeler (Gargoyle Fighter)              Turns: 4240, Time: 00:07:44

Health: -1/51      AC: 19    Str: 22    XL:     8   Next: 19%
Magic:  8/8        EV:  4    Int:  8    God:    Okawaru [**....]
Gold:   232        SH:  9    Dex: 10    Spells: 7/7 levels left

rFire    . . .     SeeInvis .   a - +0 flail
rCold    + . .     Gourm    .   c - +0 shield
rNeg     + . .     Faith    .   r - +0 plate armour
rPois    ∞         Spirit   .   (no helmet)
rElec    +         Reflect  .   (no cloak)
rCorr    .         Harm     .   (no gloves)
MR       .....                  m - +0 pair of boots
Stlth    ..........             (no amulet)
HPRegen  0.17/turn              h - ring of protection from cold
MPRegen  0.11/turn              (no ring)

@: berserk cooldown, very slightly contaminated, invisible
A: negative energy resistance 1, electricity resistance, unbreathing,
petrification resistance, rot immunity, AC +5
a: Heroism, Renounce Religion


You were on level 5 of the Dungeon.
You worshipped Okawaru.
Okawaru was pleased with you.
You were not hungry.

You visited 2 branches of the dungeon, and saw 6 of its levels.

You collected 232 gold pieces.

Inventory:

Hand Weapons
 a - a +0 flail (weapon)
Armour
 c - a +0 shield (worn)
 m - a +0 pair of boots (worn)
 r - a +0 plate armour (worn)
Jewellery
 d - an uncursed ring of fire
 h - a ring of protection from cold (left hand)
Scrolls
 e - a scroll of teleportation {unknown}
 i - 2 scrolls of remove curse {unknown}
 n - a scroll of enchant weapon {unknown}
 s - a scroll of enchant armour {unknown}
Potions
 j - a potion of curing {unknown}
 k - 2 potions of brilliance
 l - a potion of lignification
 p - a potion of magic
 q - a potion of haste
Comestibles
 f - 8 rations
 g - 6 chunks of flesh


   Skills:
 + Level 6.0 Fighting
 * Level 6.8 Maces & Flails
 + Level 6.0 Armour
 - Level 3.2 Shields


You had 7 spell levels left.
You didn't know any spells.
Your spell library was empty.

Dungeon Overview and Level Annotations

Branches:
Dungeon (5/15)             Temple (1/1) D:4

Altars:
Ashenzari
Cheibriados
Elyvilon
Fedhas
Gozag
Hepliaklqana
Kikubaaqudgha
Makhleb
Nemelex Xobeh
Okawaru
Qazlal
Ru
Sif Muna
Trog
Uskayaw
Wu Jian
Xom
Yredelemnul
Zin
The Shining One

Annotations:
D:5 Blork the orc


Innate Abilities, Weirdness & Mutations

You are resistant to torment.
Your stone body is resilient. (AC +5)
You are immune to poison.
You resist negative energy. (rN+)
You are resistant to electric shocks. (rElec)
You can survive without breathing.
You are immune to petrification.
You are immune to rotting.


Message History

The magic dart hits you but does no damage.
Blork the orc casts a spell at you. The magic dart hits you!
* * * LOW HITPOINT WARNING * * *
Okay, then.
You aren't carrying any items that you can evoke.
It was a potion of invisibility.
You fade into invisibility!
Blork the orc hits you with a +1 vampiric war axe.
* * * LOW HITPOINT WARNING * * *
Blork the orc hits you but does no damage.
You are very lightly contaminated with residual magic.
Blork the orc hits you but does no damage.
Blork the orc hits you but does no damage.
You feel yourself speed up.
Blork the orc gestures at you while chanting.
The magic dart hits you but does no damage.
Blork the orc gestures at you while chanting.
The magic dart hits you.
You die...

#.. #.##........#. #
##..##................
###....###.)............
.......##...............
..##........)..........#
.........%..)..........#
#.##........)....<......
#..#....................
÷..........#....@.......
÷.......................
..........##..o......##.
###..##...#..........# #
##.###......##.......
#.#.###..####........
####...###..# #.......#
##......#.... ........#
........... ......#


You could see Blork the orc.

Vanquished Creatures
  Sigmund (D:2)
  Eustachio (D:5)
  Menkaure (D:5)
  An ogre (D:5)
  A scorpion (D:3)
  A howler monkey (D:5)
  A bullfrog zombie (D:5)
  5 orc wizards
  3 orc priests
  2 hounds (D:4)
  2 worker ants
  A killer bee zombie (D:5)
  5 adders
  An ooze (D:3)
  An adder zombie (D:4)
  2 worms
  3 dart slugs (D:1)
  3 leopard geckos
  8 orcs
  A ball python (D:4)
  9 bats
  4 giant cockroaches
  7 goblins
  4 hobgoblins
  8 jackals
  8 kobolds
  2 quokkas
  3 frilled lizards
  3 rats
  A bush (D:2)
93 creatures vanquished.

Notes
Turn   | Place    | Note
-------+----------+-------------------------------------------
     0 | D:1      | Borgoz the Gargoyle Fighter began the quest for the Orb.
     0 | D:1      | Reached XP level 1. HP: 14/14 MP: 1/1
    84 | D:1      | Reached XP level 2. HP: 15/19 MP: 2/2
   435 | D:1      | Reached XP level 3. HP: 22/23 MP: 3/3
   759 | D:2      | Reached XP level 4. HP: 13/29 MP: 4/4
   784 | D:2      | Found a sparkling altar of Nemelex Xobeh.
   784 | D:2      | You fall into a shaft and drop 2 floors!
   784 | D:4      | Found a staircase to the Ecumenical Temple.
   788 | D:4      | Reached XP level 5. HP: 13/33 MP: 5/5
   798 | Temple   | Entered the Ecumenical Temple
   818 | Temple   | Became a worshipper of Warmaster Okawaru
  1105 | D:4      | Found a sacrificial altar of Ru.
  1140 | D:4      | You fall into a shaft and drop 1 floor!
  1140 | D:5      | Entered Level 5 of the Dungeon
  1173 | D:5      | Reached XP level 6. HP: 20/39 MP: 6/6
  1394 | D:5      | Reached skill level 5 in Maces & Flails
  1693 | D:5      | Found an opulent altar of Gozag.
  2054 | D:4      | Found a shattered altar of Ashenzari.
  2055 | D:4      | Found a white marble altar of Elyvilon.
  2153 | D:4      | Reached skill level 5 in Fighting
  2153 | D:4      | Reached skill level 5 in Armour
  2153 | D:4      | Reached XP level 7. HP: 34/44 MP: 7/7
  2641 | D:3      | Found an ancient bone altar of Kikubaaqudgha.
  2762 | D:2      | Found a faded altar of an unknown god.
  3046 | D:2      | Noticed Sigmund
  3067 | D:2      | Killed Sigmund
  3067 | D:2      | Reached * piety under Okawaru
  3913 | D:3      | Found a sparkling altar of Nemelex Xobeh.
  4171 | D:5      | Noticed Eustachio
  4179 | D:5      | Reached XP level 8. HP: 51/51 MP: 5/8
  4182 | D:5      | Noticed Menkaure
  4194 | D:5      | Killed Eustachio
  4206 | D:5      | Killed Menkaure
  4206 | D:5      | Reached ** piety under Okawaru
  4230 | D:5      | Noticed Blork the orc
  4240 | D:5      | Killed from afar by Blork the orc

Levels and vault maps discovered:
D:1:      minmay_arrival_plants_in_alcoves, layout_basic
D:2:      layout_loops_corners, serial_forest, infiniplex_forest_straight_4,
          infiniplex_forest_clump_small, infiniplex_forest_lined_3,
          infiniplex_forest_end_1, infiniplex_forest_pool,
          infiniplex_forest_lined_3, infiniplex_forest_clump_small,
          infiniplex_forest_lined_room_3, chequers_ecumenical_altar_simple,
          nemelex_lonely_heart_becter, uniq_sigmund
D:3:      layout_basic, lemuel_round_altar, kennysheep_another_room,
          nemelex_diamond_rough_becter
D:4:      layout_gridville, nicolae_ru_great_annihilating_truth,
          gammafunk_temple_overflow_pools, minmay_temple_entry_junction_2,
          first_ration
D:5:      layout_cave_pools, basic_altar, chequers_serial_rivers_small_3,
          uniq_blork_the_orc, uniq_eustachio, uniq_menkaure
Temple:   regret_index_temple_sphere_string

Skill      XL: |  1  2  3  4  5  6  7  8 |
---------------+-------------------------+-----
Maces & Flails | 3 4 5 6 |  6.8
Fighting       | 4 5 6 |  6.0
Armour         | 4 5 6 |  6.0
Shields        | |  3.2

Action                   |  1- 3 |  4- 6 |  7- 9 || total
-------------------------+-------+-------+-------++-------
Melee: Flail             |   133 |   121 |   234 ||   488
Invok: Heroism           |       |       |     2 ||     2
  Use: Potion            |     1 |     1 |     3 ||     5
       Scroll            |       |       |     5 ||     5
  Eat: Chunk             |       |     5 |     7 ||    12
Armor: Scale mail        |    83 |    50 |       ||   133
       Plate armour      |       |     9 |   204 ||   213
Dodge: Dodged            |    56 |    36 |    50 ||   142
Block: Shield            |    66 |    70 |   120 ||   256

Table legend:
 A = Non-vault XP
 B = Vault XP
 C = Vault XP percentage of total XP
 D = Non-vault monster count
 E = Vault monster count
 F = Vault count percentage of total count
                 A         B        C        D         E       F
            +---------+---------+-------+---------+---------+-------
      Total |     944 |     480 |  33.7 |      85 |       7 |   7.6
            +---------+---------+-------+---------+---------+-------
        D:1 |      34 |       0 |   0.0 |      15 |       0 |   0.0
        D:2 |     144 |     231 |  61.6 |      27 |       1 |   3.6
        D:3 |     194 |       0 |   0.0 |      14 |       0 |   0.0
        D:4 |     247 |      48 |  16.3 |      15 |       4 |  21.1
        D:5 |     325 |     201 |  38.2 |      14 |       2 |  12.5
            +---------+---------+-------+---------+---------+-------
